 Dungeon Crawl Stone Soup version 0.30-a0-250-g41c1d76940 (webtiles) character file.

Game seed: 1316368631736213913

3 jlumianski the Chopper (level 1, 0/16 HPs)
             Began as a Demonspawn Gladiator on Oct 13, 2022.
             Succumbed to a goblin's poison
             ... on level 1 of the Dungeon.
             The game lasted 00:00:41 (117 turns).

jlumianski the Chopper (Demonspawn Gladiator)        Turns: 117, Time: 00:00:41

Health: 0/16       AC:  4    Str: 14    XL:     1   Next: 41%
Magic:  1/1        EV: 12    Int:  9    God:
Gold:   0          SH:  0    Dex: 14    Spells: 0/0 levels left

rFire   . . .      SeeInvis .    a - +0 war axe
rCold   . . .      Faith    .    (no shield)
rNeg    . . .      Spirit   .    b - +0 leather armour
rPois   .          Reflect  .    c - +0 helmet
rElec   .          Harm     .    (no cloak)
rCorr   .          Rampage  .    (no gloves)
Will    .....                    (no boots)
Stlth   +.........               (no amulet)
HPRegen 0.22/turn                (no ring)
MPRegen 0.07/turn                (no ring)

@: lethally poisoned (0 -> -2)
A: no striking features
a: no special abilities


You were on level 1 of the Dungeon.
You visited 1 branch of the dungeon, and saw 2 of its levels.

Inventory:

Hand Weapons
 a - a +0 war axe (weapon)
Missiles
 d - 3 throwing nets (quivered)
 e - a javelin
Armour
 b - a +0 leather armour (worn)
 c - a +0 helmet (worn)
Scrolls
 f - a scroll of vulnerability {unknown}


   Skills:
 + Level 2.0 Fighting
 + Level 2.8 Axes
 + Level 1.8 Throwing
 + Level 2.7 Dodging


You couldn't memorise any spells.
You didn't know any spells.
Your spell library was empty.

Dungeon Overview and Level Annotations

Branches:
Dungeon (2/15)

Altars:


Message History

A rat comes into view.
You closely miss the rat. The rat bites you but does no damage.
You hit the rat.
You kill the rat!
You see here a rat corpse.
Found a scroll labelled OSOXEF MERR.
f - a scroll labelled OSOXEF MERR HP restored.
A goblin comes into view. It is wielding a +0 dagger of venom.
The goblin shouts!
You hear a shout!
The goblin hits you but does no damage.
You are poisoned.
You closely miss the goblin.
You feel sick. The goblin closely misses you.
You hit the goblin.
The goblin is moderately wounded.
You feel sick. The goblin hits you but does no damage.
You are lethally poisoned!
You miss the goblin.
The goblin is moderately wounded.
You feel very sick.
The goblin hits you but does no damage. x2
You barely miss the goblin.
The goblin is moderately wounded.
You feel very sick. The goblin closely misses you.
You slash the goblin!
You kill the goblin!
* * * LOW HITPOINT WARNING * * *
You feel sick.
* * * LOW HITPOINT WARNING * * *
You feel sick.
You see here a +0 dagger of venom.
* * * LOW HITPOINT WARNING * * *
You feel sick.
You aren't carrying any potions.
* * * LOW HITPOINT WARNING * * *
You feel sick.
* * * LOW HITPOINT WARNING * * *
You feel sick.
You die...

# # .#.# #...
#.. ##.# ##@#
#..# # ##.## .#
##.###.# ##...#
.# #.### ##.#
#.###### #...
#......######...
##........##....


There were no monsters in sight!

Vanquished Creatures
  An endoplasm (D:1)
  A goblin (D:1)
  2 rats (D:1)
4 creatures vanquished.

Notes
Turn   | Place    | Note
-------+----------+-------------------------------------------
     0 | D:1      | jlumianski the Demonspawn Gladiator began the quest for the
                  | Orb.
     0 | D:1      | Reached XP level 1. HP: 16/16 MP: 1/1
   117 | D:1      | Succumbed to a goblin's poison

Illustrated notes

Levels and vault maps discovered:
D:1:      lightli_arrival_boilingwater, layout_loops_corners,
          dreamdust_ecumenical_altar_grove, serial_shops,
          nicolae_shop_waterfront, shop, nicolae_shop_stone, shop_fountains,
          nicolae_diamond_shop, roderic_lattice_a, nicolae_shop_unique_rings
D:2:      layout_rooms

Action                   || total
-------------------------++-------
Melee: War axe           ||    12
Armor: Leather armour    ||     6
Dodge: Dodged            ||     5

Table legend: (Time is in decaauts)
 A = Elapsed time spent in this place.
 B = Non-inter-level travel time spent in this place.
 C = Inter-level travel time spent in this place.
 D = Time resting spent in this place.
 E = Time spent auto-exploring this place.
 F = Levels seen in this place.
 G = Mean time per level.
                   A        B        C        D        E       F      G
               +--------+--------+--------+--------+--------+-----+--------+
         Total |    124 |    124 |      0 |      0 |     29 |   2 |   62.0 |
       Dungeon |    124 |    124 |      0 |      0 |     29 |   2 |   62.0 |
               +--------+--------+--------+--------+--------+-----+--------+

Top non-repeatable levels by time:
     D:1: 119 daAuts
     D:2: 5 daAuts
